Map: Bel'Shir Vestige LE (Void)

Players

Slowed

  • Race: Terran Terran
  • League: Master
  • Spawn Location: 11:00

Railgan - Winner!

  • Race: Zerg Zerg
  • League: Grandmaster
  • Spawn Location: 5:00

VOD

Have the link to the VOD?

Description

Time

  • Played on: March 10, 2017, 10:35 a.m.
  • Length: 9:39
Show
View Real Time Build Order
Export as new Build Order

Slowed Terran 

Build Orders: Reaper Expand 

Get SALT Encoding   

  12  0:00  SCV  
  13  0:13  SCV  
  14  0:17  Supply Depot  
  14  0:25  SCV  
  14  0:28  Refinery  
  15  0:39  SCV  
  16  0:45  Barracks  
  16  0:51  SCV  
  17  1:03  SCV  
  18  1:18  SCV  
  19  1:32  Reaper, Orbital Command  
  20  1:46  Command Center  
  20  1:59  Factory  
  20  2:02  SCV  
  21  2:10  Refinery  
  21  2:11  Barracks Reactor  
  21  2:14  SCV  
  22  2:23  Supply Depot  
  22  2:27  SCV  
  23  2:45  SCV  
  23  2:46  Factory  
  23  2:48  Marine x2  
  23  2:51  Factory Tech Lab  
  26  2:58  Orbital Command  
  26  3:00  SCV  
  27  3:06  Marine x2  
  29  3:13  Siege Tank  
  29  3:15  SCV  
  33  3:24  Marine  
  34  3:32  SCV  
  34  3:33  Marine, Factory Reactor  
  36  3:35  SCV  
  37  3:41  Marine  
  37  3:42  Supply Depot  
  37  3:44  SCV  
  39  3:49  SCV  
  39  3:51  Marine  
  39  3:54  Siege Tank  
  43  3:59  Marine  
  43  4:00  Supply Depot, SCV  
  43  4:01  SCV  
  46  4:06  Supply Depot  
  42  4:22  Hellion x2  
  42  4:23  Marine  
  42  4:24  Marine  
  48  4:26  SCV  
  49  4:32  SCV  
  49  4:35  Supply Depot  
  49  4:38  Siege Tank, SCV  
  54  4:45  Marine x2  
  56  4:46  SCV  
  56  4:50  SCV  
  58  4:58  Supply Depot, Hellion x2, SCV  
  63  5:01  Armory  
  63  5:06  Marine x2  
  65  5:13  SCV x2  
  67  5:15  Siege Tank, Refinery  
  67  5:20  Supply Depot  
  70  5:31  SCV x2  
  70  5:33  Hellion  
  70  5:34  Hellion  
  70  5:35  Marine x2  
  78  5:43  SCV  
  78  5:48  Siege Tank  
  82  5:50  Infernal Pre-Igniter  
  82  5:54  Supply Depot  
  82  5:55  Hellion x2  
  86  6:00  SCV x2  
  88  6:05  Refinery  
  88  6:08  Engineering Bay  
  78  6:25  SCV x2  
  71  6:37  SCV  
  55  6:54  SCV x2  
  55  6:55  Siege Tank, Hellion x2, Marine  
  55  6:56  Marine  
  66  7:06  SCV x2  
  68  7:13  Marine x2  
  59  7:18  SCV x2  
  59  7:22  Hellion x2  
  54  7:30  Siege Tank, SCV x2  
  54  7:31  Marine x2  
  61  7:42  SCV x2  
  63  7:45  Hellion x2  
  64  7:54  SCV  
  64  7:55  SCV  
  66  8:01  Factory  
  66  8:07  Siege Tank, SCV x2  
  66  8:10  Command Center  
  66  8:11  Hellion  
  73  8:19  SCV x2  
  75  8:31  SCV x2  
  77  8:36  Hellion x2  
  77  8:38  Thor  
  86  8:43  SCV x2  
  81  8:55  SCV x2  
  75  8:58  Hellion  
  52  9:14  Hellion  
  52  9:15  Hellion  
  52  9:16  SCV  
  53  9:23  Command Center  
  58  9:26  SCV  
Show
View Real Time Build Order
Export as new Build Order

Railgan Zerg - Winner!

Build Orders: Pool First 

Get SALT Encoding   

  12  0:01  Drone  
  13  0:12  Overlord  
  13  0:17  Drone  
  14  0:30  Drone x2  
  14  0:34  Drone  
  17  0:46  Drone  
  18  0:51  Spawning Pool  
  18  0:55  Drone  
  18  1:10  Hatchery  
  17  1:12  Extractor  
  17  1:15  Drone  
  17  1:17  Drone  
  18  1:37  Zergling x2  
  18  1:38  Queen  
  22  1:40  Drone  
  22  1:50  Overlord  
  22  2:09  Drone  
  22  2:12  Drone  
  22  2:13  Queen  
  26  2:20  Metabolic Boost  
  26  2:22  Drone, Queen  
  27  2:27  Drone  
  30  2:32  Drone  
  30  2:35  Drone  
  32  2:43  Evolution Chamber  
  30  2:44  Drone  
  30  2:46  Overlord  
  30  2:49  Drone  
  30  2:50  Drone  
  33  2:53  Zergling x2  
  33  2:58  Zergling x4  
  36  3:06  Zergling x2  
  36  3:09  Drone  
  38  3:17  Zerg Ground Armor Level 1  
  38  3:19  Drone x2  
  39  3:37  Zergling x4  
  39  3:39  Drone x2  
  43  3:45  Drone  
  43  3:46  Overlord  
  44  3:50  Extractor  
  43  3:57  Drone  
  43  4:00  Overlord  
  43  4:02  Lair  
  44  4:04  Extractor x2  
  44  4:07  Drone x5  
  46  4:11  Drone x3  
  46  4:13  Drone  
  49  4:19  Drone  
  49  4:24  Drone  
  49  4:31  Zergling x4  
  51  4:32  Drone x2  
  51  4:36  Drone  
  51  4:37  Queen  
  57  4:42  Overlord  
  57  4:51  Zergling x8  
  59  4:53  Hatchery  
  59  4:57  Drone  
  59  5:02  Hydralisk Den  
  58  5:07  Zergling x8  
  62  5:14  Overlord  
  62  5:15  Overlord  
  62  5:22  Zerg Ground Armor Level 2  
  62  5:23  Drone  
  62  5:24  Evolution Chamber  
  62  5:26  Overlord  
  62  5:28  Drone  
  62  5:35  Muscular Augments  
  63  5:36  Hydralisk x3  
  63  5:41  Hydralisk  
  71  5:44  Hydralisk x2  
  71  5:45  Hydralisk  
  77  5:54  Hydralisk x2  
  77  5:56  Overlord  
  81  5:59  Overlord  
  81  6:01  Zerg Missile Weapons Level 1  
  81  6:05  Zergling x4  
  81  6:06  Zergling x2  
  81  6:10  Hydralisk x2  
  88  6:14  Zergling x4  
  88  6:16  Hydralisk  
  88  6:18  Zergling x2  
  92  6:19  Zergling x2  
  92  6:23  Zergling x2  
  94  6:27  Hydralisk, Zergling x2  
  95  6:33  Hydralisk  
  90  6:45  Hydralisk x4  
  82  6:47  Zergling x8  
  82  6:53  Hydralisk  
  79  6:54  Queen  
  79  6:57  Overseer  
  79  7:00  Zergling x4  
  83  7:08  Hydralisk  
  79  7:19  Drone  
  79  7:20  Drone x4  
  79  7:22  Lurker Den  
  78  7:35  Pneumatized Carapace  
  78  7:36  Hatchery  
  77  7:41  Zergling x2  
  77  7:42  Zergling x10  
  79  7:55  Zergling x10  
  79  7:57  Overlord  
  82  7:59  Overlord  
  82  8:04  Zergling x2  
  83  8:10  Zergling x4  
  83  8:11  Zergling x2  
  86  8:31  Hydralisk x2  
  89  8:36  Zergling x2  
  90  8:44  Hydralisk x4  
  85  9:00  Hydralisk x4  
  85  9:01  Hydralisk x2  
  94  9:06  Hydralisk x3  
  96  9:15  Hydralisk x2  
Tags
 
Add a new tag
Caveats
  • Supply blocks, unpowered buildings, or Contaminate may cause inaccurate times.
  • Supply counts are checked every 10 seconds.